 Dungeon Crawl Stone Soup version 0.29-a0-19-gef7f3e67aa (webtiles) character file.

Game seed: 8365172788360469283

88 Lekart the Skirmisher (level 4, -8/40 HPs)
             Began as a Draconian Chaos Knight on Jan 29, 2022.
             Was a Plaything of Xom.
             Mangled by Crazy Yiuf (16 damage)
             ... on level 3 of the Dungeon.
             The game lasted 00:04:21 (3079 turns).

Lekart the Skirmisher (Draconian Chaos Knight)      Turns: 3079, Time: 00:04:22

Health: -8/40      AC:  5    Str: 14    XL:     4   Next: 29%
Magic:  5/5        EV: 10    Int: 12    God:    Xom [....*.]
Gold:   132        SH:  8    Dex: 13    Spells: 5/5 levels left

rFire   . . .      SeeInvis .   a - +0 falchion (chaos)
rCold   . . .      Faith    .   b - +1 kite shield
rNeg    . . .      Spirit   .   (armour unavailable)
rPois   .          Reflect  .   (helmet restricted)
rElec   .          Harm     .   (no cloak)
rCorr   .          Rampage  .   (no gloves)
Will    +....                   (no boots)
Stlth   +.........              (no amulet)
HPRegen 0.13/turn               d - ring of willpower
MPRegen 0.09/turn               (no ring)

@: no status effects
A: AC +5, unfitting armour, cold-blooded, low MP 1, wild magic 1, evolution 1
a: Renounce Religion


You were on level 3 of the Dungeon.
You worshipped Xom.
You were a beloved toy of Xom.
You visited 1 branch of the dungeon, and saw 3 of its levels.

You collected 132 gold pieces.

Inventory:

Hand Weapons
 a - a +0 falchion of chaos (weapon)
Armour
 b - a +1 kite shield (worn)
Jewellery
 d - a ring of willpower (left hand)
Scrolls
 e - 2 scrolls of enchant weapon {unknown}
Potions
 h - a potion of cancellation {unknown}
 i - a potion of haste {unknown}


   Skills:
 + Level 4.0 Fighting
 + Level 3.9 Long Blades
 + Level 2.6 Dodging
 * Level 1.3 Spellcasting


You had 5 spell levels left.
You didn't know any spells.
Your spell library contained the following spells:

 Spells                   Type           Power      Damage    Failure   Level
 Magic Dart               Conj           4%         1d3       78%         1
 Shock                    Conj/Air       4%         1d3       78%         1
 Searing Ray              Conj           2%         2d4       89%         2
 Fulminant Prism          Conj/Hex       0%         3d6       100%        4


Dungeon Overview and Level Annotations

Branches:
Dungeon (3/15)

Altars:
Ashenzari

Annotations:
D:3 Crazy Yiuf


Innate Abilities, Weirdness & Mutations

Your plain brown scales are hard. (AC +5)
You cannot fit into any form of body armour.
You are cold-blooded and may be slowed by cold attacks.
Your magical capacity is low. (-10% MP)
Your spells are a little harder to cast, but a little more powerful.
You have hidden genetic potential.


Message History

Something hits you.
* * * LOW HITPOINT WARNING * * *
Okay, then.
There is a stone staircase leading up here.
There is a stone staircase leading up here.
Crazy Yiuf appears from thin air!
Reactivating autopickup.
Crazy Yiuf screams, "Blight toodlewoodle sallow!" "See what I see, my child!"
You detect nothing.
Crazy Yiuf cries, "Flower!"
There is a broken altar of Ashenzari here.
Crazy Yiuf laughs, "Fire King bush!"
Crazy Yiuf yells, "Hah!
Cake turtle broken."
There is a stone staircase leading up here.
There is a stone staircase leading up here.
You barely miss Crazy Yiuf.
Crazy Yiuf is lightly wounded.
You block Crazy Yiuf's attack.
Crazy Yiuf says, "It is extremely absurd to expect to be enlightened by reason, and yet to prescribe to it beforehand on which side it must incline."
Crazy Yiuf whimpers, "Sif Muna!
Cod dark broken."
You block Crazy Yiuf's attack.
Crazy Yiuf says, "No facts are to me sacred; none are profane; I simply experiment, an endless seeker, with no past at my back."
Crazy Yiuf screams, "Ten!"; Crazy Yiuf says, "Key ena testudinal!"
You are now a beloved toy of Xom.
Crazy Yiuf says, "Everyone has the same god; only people differ."
Crazy Yiuf says, "One may say the eternal mystery of the world is its comprehensibility."
Crazy Yiuf flaps his cloak.
Hit: a) +0 falchion (chaos)
Press: ? - help, Dir - move target, f - Crazy Yiuf
Aim: Crazy Yiuf, wielding a +4 quarterstaff of chaos and wearing a +0 cloak (about 36% to evade your +0 falchion of chaos)
Okay, then.
As you read the scroll labelled NUOFAERUVE, it crumbles to dust.
You hear a loud clanging noise!
It was a scroll of noise.
Crazy Yiuf hits you with a +4 quarterstaff of chaos!
* * * LOW HITPOINT WARNING * * *
Space warps horribly around you!
You die...
Xom cackles wildly!

#......#.####.'♣.♣.♣♣♣ ###
#.####.#..........♣..♣#...#
#........##......♣♣♣♣.'...#
######.#####..+.♣♣ ♣♣#..)#
# #.# ####♣♣ ### #
#.####### # #.......#
######################
...............g@....#
####################.# #.#
###


You could see Crazy Yiuf.

Vanquished Creatures
  3 adders (D:2)
  3 orcs (D:2)
  11 ball pythons
  4 bats
  5 endoplasms
  4 giant cockroaches (D:1)
  2 goblins (D:2)
  3 hobgoblins
  3 jackals (D:1)
  5 kobolds (D:1)
  2 quokkas
  4 frilled lizards
  4 rats
53 creatures vanquished.

Notes
Turn   | Place    | Note
-------+----------+-------------------------------------------
     0 | D:1      | Lekart the Draconian Chaos Knight began the quest for the
                  | Orb.
     0 | D:1      | Reached XP level 1. HP: 19/19 MP: 1/1
   212 | D:1      | Reached XP level 2. HP: 25/26 MP: 2/2
   379 | D:1      | XOM: divination: detect creatures
   959 | D:1      | Reached XP level 3. HP: 26/33 MP: 4/4
  1373 | D:2      | Reached skill level 1 in Spellcasting
  1551 | D:2      | Reached XP level 4. HP: 40/40 MP: 5/5
  1596 | D:2      | XOM: silly message
  1919 | D:2      | Reached skill level 4 in Fighting
  2138 | D:3      | Found a broken altar of Ashenzari.
  2202 | D:3      | Found a faded altar of an unknown god.
  2211 | D:3      | Got Plato's Incunabulum of Feathers
  2240 | D:3      | XOM: 3-stop teleportation journey
  2537 | D:3      | Found a runed translucent door.
  2538 | D:3      | Noticed Crazy Yiuf
  2664 | D:3      | XOM: cloud trail
  2983 | D:3      | Gained mutation: Your magical capacity is low. (-10% MP)
                  | [potion of mutation]
  2983 | D:3      | Gained mutation: You have hidden genetic potential. [potion
                  | of mutation]
  2983 | D:3      | Gained mutation: Your spells are a little harder to cast,
                  | but a little more powerful. [potion of mutation]
  3033 | D:3      | XOM: divination: detect items
  3079 | D:3      | Mangled by Crazy Yiuf

Illustrated notes

Levels and vault maps discovered:
D:1:      psy_arrival_whirlpool, layout_loops_ring
D:2:      layout_basic
D:3:      layout_basic, old_standard_altar, shapermc_ecumenical_altar_rom_forum,
          uniq_crazy_yiuf_cottage

Skill      XL: |  1  2  3  4 |
---------------+-------------+-----
Spellcasting   | 1 |  1.3
Fighting       | 4 |  4.0
Long Blades    | |  3.9
Dodging        | |  2.6

Action                   |  1- 3 |  4- 6 || total
-------------------------+-------+-------++-------
Melee: Falchion          |   105 |    50 ||   155
       Tailslap          |    17 |     4 ||    21
       Punch             |     1 |       ||     1
  Use: Potion            |     2 |     1 ||     3
       Scroll            |     1 |     4 ||     5
 Stab: Sleeping          |     1 |     1 ||     2
       Petrified         |     1 |       ||     1
Armor: Skin              |    48 |    16 ||    64
Dodge: Dodged            |    74 |    16 ||    90
Block: Kite shield       |       |    20 ||    20

Table legend: (Time is in decaauts)
 A = Elapsed time spent in this place.
 B = Non-inter-level travel time spent in this place.
 C = Inter-level travel time spent in this place.
 D = Time resting spent in this place.
 E = Time spent auto-exploring this place.
 F = Levels seen in this place.
 G = Mean time per level.
                   A        B        C        D        E       F      G
               +--------+--------+--------+--------+--------+-----+--------+
         Total |   3112 |   3077 |     35 |      5 |   2607 |   3 | 1037.3 |
       Dungeon |   3112 |   3077 |     35 |      5 |   2607 |   3 | 1037.3 |
               +--------+--------+--------+--------+--------+-----+--------+

Top non-repeatable levels by time:
     D:1: 1312 daAuts
     D:3: 969 daAuts
     D:2: 830 daAuts
